 Dungeon Crawl Stone Soup version 0.21-a0-273-g0785366 (webtiles) character file.

728 tilp the Firebug (level 7, -3/55 HPs)
             Began as a Hill Orc Fire Elementalist on Sept 17, 2017.
             Was a Follower of Okawaru.
             Slain by a gnoll shaman
             ... wielding a +0 whip
              (5 damage)
             ... on level 6 of the Dungeon.
             The game lasted 00:22:09 (6466 turns).

tilp the Firebug (Hill Orc Fire Elementalist)       Turns: 6466, Time: 00:22:10

Health: -3/55      AC:  3    Str: 11      XL:     7   Next: 72%
Magic:  12/12      EV: 12    Int: 17      God:    Okawaru [*.....]
Gold:   186        SH:  0    Dex: 12 (13) Spells: 3/13 levels left

rFire    + . .     SeeInvis .   a - +2 falchion (holy)
rCold    + . .     Gourm    .   (no shield)
rNeg     . . .     Faith    .   e - +0 robe
rPois    +         Spirit   .   l - +0 helmet
rElec    +         Reflect  .   (no cloak)
rCorr    +         Harm     .   (no gloves)
MR       +....                  (no boots)
Stlth    ++........             (no amulet)
HPRegen  0.18/turn              (no ring)
MPRegen  0.13/turn              (no ring)

@: resistant, berserk cooldown, slowed, very slow
A: agile 1, magic resistance 1, poison resistance, robust 1
a: Heroism, Renounce Religion


You were on level 6 of the Dungeon.
You worshipped Okawaru.
Okawaru was aware of your devotion.
You were not hungry.

You visited 2 branches of the dungeon, and saw 7 of its levels.

You collected 186 gold pieces.

Inventory:

Hand Weapons
 a - a +2 falchion of holy wrath (weapon)
 b - a +0 hunting sling
 i - a +0 spear
Missiles
 d - 49 stones
 f - 7 tomahawks (quivered)
 v - 10 sling bullets
Armour
 e - a +0 robe (worn)
 l - a +0 helmet (worn)
Jewellery
 z - an uncursed ring of resist corrosion {unknown}
 I - a cursed ring of loudness {unknown}
 K - an uncursed ring of magical power {unknown}
Wands
 B - a wand of flame (18/48)
 G - a wand of paralysis (12/24)
Scrolls
 g - 3 scrolls of teleportation {unknown}
 h - a scroll of fog {unknown}
 j - a scroll of recharging {unknown}
 n - 3 scrolls of remove curse {unknown}
 o - 7 scrolls of identify {unknown}
 p - a scroll of enchant weapon {unknown}
 r - a scroll of noise {unknown}
 s - 2 scrolls of amnesia {unknown}
 x - 2 scrolls of immolation {unknown}
 y - 3 scrolls of fear {unknown}
 H - a scroll of random uselessness {unknown}
 J - a scroll of blinking {unknown}
Potions
 u - a potion of might {unknown}
 A - a potion of haste
 E - 2 potions of mutation
Books
 t - a book of Flames

   Spells                             Type                      Level
   a - Flame Tongue                   Conjuration/Fire             1
   b - Throw Flame                    Conjuration/Fire             2
   c - Conjure Flame                  Conjuration/Fire             3
   d - Inner Flame                    Hexes/Fire                   3
   e - Sticky Flame                   Conjuration/Fire             4
   f - Fireball                       Conjuration/Fire             5
Comestibles
 c - 2 bread rations
 m - 4 royal jellies
 w - a meat ration


   Skills:
 - Level 1.5 Dodging
 - Level 1.5 Stealth
 + Level 3.8 Spellcasting
 + Level 5.0 Conjurations
 + Level 5.9 Fire Magic


You had 3 spell levels left.
You knew the following spells:

 Your Spells              Type           Power        Failure   Level  Hunger
a - Flame Tongue          Conj/Fire      ###..        1%          1    None
b - Throw Flame           Conj/Fire      ###...       2%          2    ##.....
c - Conjure Flame         Conj/Fire      ###.....     4%          3    ###....
d - Sticky Flame          Conj/Fire      ###.....     16%         4    ####...


Dungeon Overview and Level Annotations

Branches:
Dungeon (6/15)             Temple (1/1) D:4

Altars:
Ashenzari
Cheibriados
Dithmenos
Elyvilon
Fedhas
Hepliaklqana
Kikubaaqudgha
Okawaru
Qazlal
Ru
Sif Muna
Trog
Uskayaw
Vehumet
Wu Jian
Xom
Yredelemnul
The Shining One

Shops:
D:5 *

Annotations:
D:3 CarbonWolf's ghost, amateur HOMo
D:4 Sigmund
D:5 1 runed door


Innate Abilities, Weirdness & Mutations

You are agile. (Dex +2)
You are resistant to hostile enchantments. (MR+)
Your system is resistant to poisons. (rPois)
You are robust. (+10% HP)


Message History

The flame tongue hits the gnoll.
The gnoll is severely wounded.
The gnoll shaman calls upon its god to heal the gnoll.
The gnoll is healed somewhat.
The gnoll hits you but does no damage.
The gnoll shaman hits you but does no damage.
It was a potion of heal wounds.
You feel much better. The gnoll hits you but does no damage.
The gnoll shaman calls upon its god to heal the gnoll.
The gnoll's wounds heal themselves!
The gnoll hits you but does no damage.
It was a potion of magic.
Magic courses through your body.
You feel less wooden.
Your +0 helmet unmelds from your body.
Your +0 robe unmelds from your body.
The gnoll shaman hits you with a whip!
* * * LOW HITPOINT WARNING * * *
The gnoll barely misses you. The gnoll shaman hits you with a whip!
* * * LOW HITPOINT WARNING * * *
It was a potion of resistance.
You feel protected. The gnoll closely misses you.
The gnoll shaman hits you with a whip.
You die...

##h..## ####
.#
#.h5h......#
#.#
.....(.#...#
.(# #....?...#
..# #..<...#
##..# #.
#....$.###<.#
#.
#........>()#
#.
#..##....(..##
#. #c#
####g@...# .
#. #g###..# #.
#g #..# #. gg
#..# ..# #..#
#.. ..# ...
#...


You could see a gnoll shaman and 4 gnolls.

Vanquished Creatures
  An ogre (D:6)
  An ice beast (D:5)
  A centaur (D:6)
  A scorpion (D:5)
  A quasit (D:6)
  A bullfrog skeleton (D:4)
  An iguana (D:3)
  A centaur skeleton (D:5)
  Ijyb (D:5)
  4 worker ants
  A hound zombie (D:6)
  A hound skeleton (D:4)
  Robin (D:3)
  3 adders
  A gnoll (D:6)
  2 worms
  5 dart slugs
  5 leopard geckos
  6 orcs
  A ball python (D:4)
  4 giant cockroaches
  14 goblins
  9 hobgoblins
  7 jackals
  5 kobolds
  4 quokkas
  4 bats
  3 frilled lizards
  A jackal skeleton (D:4)
  A leopard gecko skeleton (D:4)
  A quokka skeleton (D:2)
  4 rats
96 creatures vanquished.

Vanquished Creatures (others)
  A quokka (D:2)
1 creature vanquished.

Grand Total: 97 creatures vanquished

Notes
Turn   | Place    | Note
-------+----------+-------------------------------------------
     0 | D:1      | tilp the Hill Orc Fire Elementalist began the quest for the Orb.
     0 | D:1      | Reached XP level 1. HP: 14/14 MP: 3/3
   125 | D:1      | Reached XP level 2. HP: 18/20 MP: 1/4
   182 | D:1      | Learned a level 2 spell: Throw Flame
   915 | D:1      | Reached XP level 3. HP: 26/26 MP: 3/6
  1067 | D:2      | Noticed Sigmund
  1881 | D:2      | Found a white marble altar of Elyvilon.
  2287 | D:3      | Noticed CarbonWolf's ghost (amateur HOMo)
  2426 | D:4      | Reached XP level 4. HP: 20/33 MP: 1/7
  2565 | D:3      | Gained mutation: You are robust. (+10% HP) [potion of mutation]
  2565 | D:3      | Gained mutation: You are agile. (Dex +2) [potion of mutation]
  2565 | D:3      | Gained mutation: You are resistant to hostile enchantments. (MR+) [potion of mutation]
  2565 | D:3      | Gained mutation: Your system is resistant to poisons. (rPois) [potion of mutation]
  2568 | D:3      | HP: 4/81 [poisoned by a worker ant]
  2573 | D:3      | HP: 1/54 [poisoned by a worker ant]
  3038 | D:3      | Reached XP level 5. HP: 36/41 MP: 8/8
  3313 | D:3      | Learned a level 3 spell: Conjure Flame
  3535 | D:4      | Noticed Robin
  4079 | D:3      | Killed Robin
  4346 | D:4      | Found a blossoming altar of Fedhas.
  4701 | D:4      | Reached XP level 6. HP: 47/49 MP: 4/10
  4710 | D:4      | Learned a level 4 spell: Sticky Flame
  5177 | D:4      | Found a staircase to the Ecumenical Temple.
  5259 | Temple   | Entered the Ecumenical Temple
  5359 | Temple   | Became a worshipper of Warmaster Okawaru
  5599 | D:5      | Entered Level 5 of the Dungeon
  5602 | D:5      | Found Estrem's Assorted Antiques.
  5637 | D:5      | Noticed Ijyb
  5704 | D:5      | Killed Ijyb
  5704 | D:5      | Reached skill level 5 in Fire Magic
  5998 | D:5      | Found a runed door.
  6084 | D:5      | Found a shadowy altar of Dithmenos.
  6117 | D:5      | Noticed an ice beast
  6124 | D:5      | Killed an ice beast
  6124 | D:5      | Reached XP level 7. HP: 40/55 MP: 3/12
  6362 | D:6      | Reached * piety under Okawaru
  6452 | D:6      | Reached skill level 5 in Conjurations
  6465 | D:6      | HP: 1/55 [gnoll shaman/whip (9)]
  6466 | D:6      | Slain by a gnoll shaman

Vault maps used:
D:1:      dpeg_arrival_windows_large_door, serial_bayou_lake_a
D:2:      first_bread, minmay_misc_feat_tiny, elyvilon_altar_4, uniq_sigmund
D:3:      minmay_misc_feat_five, nicolae_underground_beach
D:4:      nicolae_overflow_crystal_walls, minmay_temple_entry_junction,
          uniq_robin
D:5:      kennysheep_little_box, serial_shops, shop, uniq_crazy_yiuf_cottage,
          uniq_ijyb
D:6:      gammafunk_temple_overflow_wave
Temple:   regret_index_temple_sphere_string

Skill      XL: |  1  2  3  4  5  6  7 |
---------------+----------------------+-----
Spellcasting   | 2 3 |  3.8
Conjurations   | 2 3 4 5 |  5.0
Fire Magic     | 4 5 |  5.9
Dodging        | |  1.5
Stealth        | |  1.5

Action                   |  1- 3 |  4- 6 |  7- 9 || total
-------------------------+-------+-------+-------++-------
Melee: Club              |    13 |       |       ||    13
       Spear             |    39 |    68 |       ||   107
       Falchion          |       |    79 |    30 ||   109
 Fire: Hunting sling     |       |     6 |       ||     6
 Cast: Flame Tongue      |    41 |    49 |     6 ||    96
       Throw Flame       |       |     3 |       ||     3
       Conjure Flame     |       |     1 |       ||     1
       Sticky Flame      |       |     1 |     3 ||     4
Invok: Heroism           |       |       |     1 ||     1
  Use: Potion            |       |     6 |     7 ||    13
 Stab: Sleeping          |       |     3 |     1 ||     4
  Eat: Chunk             |     6 |     8 |     1 ||    15
       Meat ration       |       |     1 |       ||     1
Armor: Robe              |    12 |    37 |     4 ||    53
       Skin              |       |     1 |    58 ||    59
Dodge: Dodged            |    31 |   151 |    35 ||   217
       Rpst.: Falchion   |       |    25 |     8 ||    33

Table legend:
 A = Spawn XP
 B = Non-spawn XP
 C = Spawn XP percentage of total XP
 D = Spawn monster count
 E = Non-spawn monster count
 F = Spawn count percentage of total count
 G = Total turns spent on level
                    A         B        C        D         E        F      G
               +---------+---------+-------+---------+---------+-------+---------
         Total |       0 |    1041 |   0.0 |       0 |      96 |   0.0 |  6466
               +---------+---------+-------+---------+---------+-------+---------
           D:1 |       0 |      35 |   0.0 |       0 |      16 |   0.0 |  1153
           D:2 |       0 |      23 |   0.0 |       0 |      11 |   0.0 |  1042
           D:3 |       0 |     150 |   0.0 |       0 |      27 |   0.0 |  2013
           D:4 |       0 |     150 |   0.0 |       0 |      16 |   0.0 |  1232
           D:5 |       0 |     359 |   0.0 |       0 |      20 |   0.0 |   812
           D:6 |       0 |     324 |   0.0 |       0 |       6 |   0.0 |    55
               +---------+---------+-------+---------+---------+-------+---------
